 Dungeon Crawl Stone Soup version 0.28-a0-1404-g4df0f3684d (webtiles) character file.

Game seed: 10531889108491541752

2 flotson the Chopper (level 1, -2/16 HPs)
             Began as a Demonspawn Gladiator on Jan 5, 2022.
             Slain by a kobold (3 damage)
             ... on level 1 of the Dungeon.
             The game lasted 00:00:12 (46 turns).

flotson the Chopper (Demonspawn Gladiator)            Turns: 46, Time: 00:00:12

Health: -2/16      AC:  4    Str: 14    XL:     1   Next: 33%
Magic:  1/1        EV: 12    Int:  9    God:
Gold:   8          SH:  0    Dex: 14    Spells: 0/0 levels left

rFire   . . .      SeeInvis .   a - +0 war axe
rCold   . . .      Faith    .   (no shield)
rNeg    . . .      Spirit   .   b - +0 leather armour
rPois   .          Reflect  .   c - +0 helmet
rElec   .          Harm     .   (no cloak)
rCorr   .          Rampage  .   (no gloves)
Will    .....                   (no boots)
Stlth   +.........              (no amulet)
HPRegen 0.05/turn               (no ring)
MPRegen 0.07/turn               (no ring)

@: no status effects
A: no striking features
a: no special abilities


You were on level 1 of the Dungeon.
You visited 1 branch of the dungeon, and saw 1 of its levels.

You collected 8 gold pieces.

Inventory:

Hand Weapons
 a - a +0 war axe (weapon)
Missiles
 d - 3 throwing nets (quivered)
Armour
 b - a +0 leather armour (worn)
 c - a +0 helmet (worn)


   Skills:
 + Level 2.0 Fighting
 + Level 2.7 Axes
 + Level 1.8 Throwing
 + Level 0.1 Armour
 + Level 2.7 Dodging


You couldn't memorise any spells.
You didn't know any spells.
Your spell library was empty.

Dungeon Overview and Level Annotations

Branches:
Dungeon (1/15)

Altars:


Message History

You barely miss the goblin. You hit the goblin. You closely miss the kobold.
The goblin closely misses you. The kobold misses you.
The goblin closely misses you. The goblin hits you with a +0 club.
The kobold barely misses you.
You hit the goblin.
You kill the goblin!
You barely miss the goblin. You hit the kobold but do no damage.
The goblin hits you but does no damage.
The kobold hits you with a +0 short sword.
The goblin misses you.
You barely miss the goblin. You closely miss the kobold.
The kobold barely misses you. The goblin hits you with a +0 club.
You are too injured to fight recklessly!
You are too injured to fight recklessly!
You are too injured to fight recklessly!
You are too injured to fight recklessly!
You are too injured to fight recklessly!
You are too injured to fight recklessly!
You barely miss the kobold. You hit the goblin.
The kobold hits you but does no damage. The goblin closely misses you.
The kobold hits you with a +0 short sword.
You barely miss the kobold. You closely miss the goblin.
The goblin hits you but does no damage. The kobold misses you.
The goblin barely misses you.
Unknown command.
You barely miss the kobold. You closely miss the goblin.
The kobold closely misses you. The goblin hits you with a +0 club.
* * * LOW HITPOINT WARNING * * *
You closely miss the kobold. You hit the goblin.
The kobold hits you with a +0 short sword.
* * * LOW HITPOINT WARNING * * *
The goblin hits you but does no damage.
The kobold hits you with a +0 short sword.
* * * LOW HITPOINT WARNING * * *
The goblin barely misses you.
You hit the goblin.
You kill the goblin!
You barely miss the kobold.
The kobold hits you with a +0 short sword.
You die...

###### #....# #....# #
#....# # ### #.†..## .#
'.#######)....## ..##
'..............# ##.....
'.#######..>.#.##)....^.
### ####....@)....# #
##....K......
###.##....## ..# .####
.... . ..... .. #......
.. #...... ###


You could see a kobold.

Vanquished Creatures
  2 goblins (D:1)
  A hobgoblin (D:1)
3 creatures vanquished.

Notes
Turn   | Place    | Note
-------+----------+-------------------------------------------
     0 | D:1      | flotson the Demonspawn Gladiator began the quest for the
                  | Orb.
     0 | D:1      | Reached XP level 1. HP: 16/16 MP: 1/1
    46 | D:1      | Slain by a kobold

Illustrated notes

Levels and vault maps discovered:
D:1:      kennysheep_arrival_forest, layout_rooms, serial_shops, shop_statue,
          hellmonk_ecumenical_altar_run_dry,
          hangedman_abyss_or_decor_lesser_grid, minmay_misc_feat_tower,
          amethyst_killhole, chequers_avenue

Action                   || total
-------------------------++-------
Melee: War axe           ||    14
Armor: Leather armour    ||     5
Dodge: Dodged            ||    15

Table legend: (Time is in decaauts)
 A = Elapsed time spent in this place.
 B = Non-inter-level travel time spent in this place.
 C = Inter-level travel time spent in this place.
 D = Time resting spent in this place.
 E = Time spent auto-exploring this place.
 F = Levels seen in this place.
 G = Mean time per level.
                   A        B        C        D        E       F      G
               +--------+--------+--------+--------+--------+-----+--------+
         Total |     50 |     50 |      0 |      0 |     25 |   1 |   50.0 |
       Dungeon |     50 |     50 |      0 |      0 |     25 |   1 |   50.0 |
               +--------+--------+--------+--------+--------+-----+--------+

Top non-repeatable levels by time:
     D:1: 50 daAuts
